 Dungeon Crawl Stone Soup version 0.29-a0-360-g8ed1089bbe (webtiles) character file.

Game seed: 11974894279934556418

8786 spaghetti the Geomancer (level 11, -2/54 HPs)
             Began as a Vine Stalker Earth Elementalist on Apr 28, 2022.
             Was an Elder of Sif Muna.
             Slain by a boulder beetle (12 damage)
             ... on level 9 of the Dungeon.
             The game lasted 00:21:16 (11493 turns).

spaghetti the Geomancer (VSEE)                     Turns: 11493, Time: 00:21:17

Health: -2/54      AC: 13    Str: 10    XL:     11   Next: 36%
Magic:  0/25       EV: 16    Int: 19    God:    Sif Muna [****..]
Gold:   418        SH: 11    Dex: 16    Spells: 18/28 levels left

rFire   . . .      SeeInvis .   b - staff of earth {!astaff}
rCold   . . .      Faith    .   E - +2 kite shield {AC+3}
rNeg    . . .      Spirit   +   s - +0 troll leather armour
rPois   .          Reflect  .   (no helmet)
rElec   .          Harm     .   c - +2 cloak
rCorr   +          Rampage  +   D - +1 pair of gloves of Sosahuock {Rampage rCorr}
Will    ++...                   (no boots)
Stlth   ++........              o - amulet of the acrobat
HPRegen 1.78/turn               w - ring of willpower
MPRegen 0.19/turn               v - +4 ring of evasion

@: no status effects
A: fangs 3, regeneration 1, magic shield, antimagic bite, no potion heal 2,
hooves 1
a: Renounce Religion, Channel Magic, Forget Spell, Divine Exegesis


You were on level 9 of the Dungeon.
You worshipped Sif Muna.
Sif Muna was greatly pleased with you.
You visited 1 branch of the dungeon, and saw 9 of its levels.

You collected 418 gold pieces.


Innate Abilities, Weirdness & Mutations

You have razor-sharp teeth.
Your natural rate of healing is unusually fast.
When hurt, damage is shared between your health and your magic reserves.
Your bite disrupts and absorbs the magic of your enemies.
Potions cannot restore your health.
You have large cloven feet.


   Skills:
 + Level 4.6 Fighting
 + Level 5.0 Armour
 + Level 5.5 Dodging
 - Level 2.4 Stealth
 + Level 4.1 Shields
 + Level 9.3 Spellcasting
 - Level 1.0 Transmutations
 + Level 9.5 Earth Magic
 + Level 3.2 Invocations


You had 18 spell levels left.
You knew the following spells:

 Your Spells              Type           Power      Damage    Failure   Level
a - Sandblast             Erth           100%       2d20      1%          1
b - Stone Arrow           Conj/Erth      80%        3d12      13%         3
c - Passwall              Tmut/Erth      35%        N/A       5%          2
d - Petrify               Tmut/Erth      43%        N/A       34%         4

Your spell library contained the following spells:

 Spells                   Type           Power      Damage    Failure   Level


Inventory:

Hand Weapons
 a - a +7 long sword {long}
   (You took it off a wight on level 8 of the Dungeon)
 f - a +2 short sword {short}
   (You took it off a wight on level 9 of the Dungeon)
Missiles
 l - 18 poisoned darts {throwing}
 u - 10 datura-tipped darts {throwing}
 x - 3 curare-tipped darts {=fthrowing}
 C - 3 javelins {throwing}
 F - 8 boomerangs {throwing}
 S - 58 stones {throwing}
Armour
 c - a +2 cloak (worn)
   (You found it on level 3 of the Dungeon)
 s - a +0 troll leather armour (worn)
   (You found it on level 6 of the Dungeon)
 D - the +1 pair of gloves of Sosahuock (worn) {Rampage rCorr}
   (You found it on level 6 of the Dungeon)

   rCorr:     It protects you from acid and corrosion.
   Rampage:   It bestows one free step when moving towards enemies.
 E - a +2 kite shield of protection (worn)
   (You found it on level 7 of the Dungeon)
Magical Staves
 b - a staff of earth (weapon) {!astaff}
   (You found it on level 4 of the Dungeon)
Jewellery
 o - an amulet of the acrobat (around neck)
   (You took it off a kobold brigand on level 6 of the Dungeon)
 v - a +4 ring of evasion (right hand)
   (You found it on level 9 of the Dungeon)
 w - a ring of willpower (left hand)
   (You found it on level 4 of the Dungeon)
 I - a ring of protection from fire
   (You took it off a gnoll shaman on level 7 of the Dungeon)
 O - a ring of fire
   (You found it on level 8 of the Dungeon)
Wands
 i - a wand of polymorph (1)
   (You took it off Pikel on level 7 of the Dungeon)
 y - a wand of flame (13)
   (You took it off a hobgoblin on level 5 of the Dungeon)
 H - a wand of paralysis (7)
   (You found it on level 7 of the Dungeon)
 M - a wand of acid (4)
   (You found it on level 8 of the Dungeon)
Scrolls
 d - 2 scrolls of torment {!r}
 e - a scroll of enchant armour
 h - 4 scrolls of teleportation {@r4}
 m - 2 scrolls of noise {!r}
 q - 3 scrolls of vulnerability {!r!r}
 r - 2 scrolls of immolation {!r!r}
 A - 4 scrolls of magic mapping {!r}
Potions
 g - 3 potions of berserk rage {!q}
 j - a potion of might
 k - 2 potions of mutation {!q}
 n - 4 potions of curing {@q1}
 t - 2 potions of lignification {unknown}
 z - a potion of heal wounds {unknown}
 G - 2 potions of resistance {unknown}
 J - a potion of invisibility {unknown}
 N - a potion of attraction {!q}

Dungeon Overview and Level Annotations

Branches:
Dungeon (9/15)             Temple (0/1) D:7
   Lair: D:8-11         Orc: D:9-12

Altars:
Sif Muna
Vehumet

....#).......'.####..# #..
...##.).....####$$#..# #.#
#..#......### ...#..#..# #.#
...#.....## ...#..#..# #.#
..##.....# #..#..#..# #.#.#
..#.....## #..#..#..# #.#.#
.##.....# #..#..#..# #.#.#
##......# #†.#..#..# #.#.#
)......##..#####@.#..#..# #.#.#
... .#!......B.†#....)# #.#.# ...
.#!......)..).○B..# #.#.#
######.######################.#.#
.#.#... #.# #.# #.>###...)....#
.#.#..# #.###.## #...#.......###
.#....# #......# #..#....#####
.#.#..#######..####..##...#
..........................#


You could see a boulder beetle.


Message History

The blast of sand hits the boulder beetle!
You block the boulder beetle's attack. 😨 HP[+1] MP[-1]
You lost 1 mp, and now have 0/25 mp.
You hit the boulder beetle but do no damage.
You bite the boulder beetle, but do no damage.
You block the boulder beetle's attack.
The boulder beetle closely misses you. 😮 HP[+3]
You regained 3 hp, and now have 30/54 hp.
You hit the boulder beetle but do no damage.
You kick the boulder beetle, but do no damage.
Your bite misses the boulder beetle.
The boulder beetle completely misses you. 😮 HP[+2] MP[+1]
You regained 2 hp, and now have 32/54 hp.
You hit the boulder beetle but do no damage.
You kick the boulder beetle, but do no damage.
You bite the boulder beetle. You drain its power.
You feel invigorated. The boulder beetle bites you!!
* * * LOW HITPOINT WARNING * * *
😨 HP[-14] MP[+3]
You take 14 damage, and now have 18/54 hp.
MASSIVE DAMAGE!! (PAUSE)
You regained 3 mp, and now have 4/25 mp.
Casting: Sandblast (safe; 1% risk of failure)
Confirm with . or Enter, or press ? or * to list all spells.
Aiming: Sandblast (safe; 1% risk of failure)
Press: ? - help, Shift-Dir - straight line, f/p - boulder beetle
Aim: a boulder beetle (severely wounded, 100% to hit)
You feel a surge of power!
The blast of sand hits the boulder beetle!
The boulder beetle bites you!!
* * * LOW HITPOINT WARNING * * *
😱 HP[-15] MP[-3]
You take 15 damage, and now have 3/54 hp.
MASSIVE DAMAGE!! (PAUSE)
You lost 3 mp, and now have 1/25 mp.
Okay, then.
Aiming: Corrosive Bolt
Press: ? - help, Shift-Dir - straight line, f/p - boulder beetle
Aim: a boulder beetle (almost dead, 100% to hit)
The bolt of acid hits the boulder beetle but does no damage.
The boulder beetle closely misses you. 😱 HP[+1]
Aiming: Corrosive Bolt
Press: ? - help, Shift-Dir - straight line, f/p - boulder beetle
Aim: a boulder beetle (almost dead, 100% to hit)
The bolt of acid hits the boulder beetle but does no damage.
The boulder beetle bites you.
* * * LOW HITPOINT WARNING * * *
😱 HP[-3]
You take 3 damage, and now have 1/54 hp.
Aiming: Corrosive Bolt
Press: ? - help, Shift-Dir - straight line, f/p - boulder beetle
Aim: a boulder beetle (almost dead, 100% to hit)
The bolt of acid hits the boulder beetle but does no damage.
You block the boulder beetle's attack. 😱 HP[+2] MP[+1]
You regained 2 hp, and now have 3/54 hp.
Casting: Sandblast (safe; 1% risk of failure)
Confirm with . or Enter, or press ? or * to list all spells.
You don't have enough magic to cast this spell.
Casting: Sandblast (safe; 1% risk of failure)
Confirm with . or Enter, or press ? or * to list all spells.
Aiming: Sandblast (safe; 1% risk of failure)
Press: ? - help, Shift-Dir - straight line, f/p - boulder beetle
Aim: a boulder beetle (almost dead, 100% to hit)
You feel a surge of power!
The blast of sand hits the boulder beetle but does no damage.
The boulder beetle closely misses you. 😱 HP[+2] MP[-1]
You regained 2 hp, and now have 5/54 hp.
You lost 1 mp, and now have 1/25 mp.
Casting: Sandblast (safe; 1% risk of failure)
Confirm with . or Enter, or press ? or * to list all spells.
Aiming: Sandblast (safe; 1% risk of failure)
Press: ? - help, Shift-Dir - straight line, f/p - boulder beetle
Aim: a boulder beetle (almost dead, 100% to hit)
You feel a surge of power!
The blast of sand hits the boulder beetle but does no damage.
The boulder beetle leaps! 😱 HP[+1] MP[-1]
You lost 1 mp, and now have 0/25 mp.
A boulder beetle is nearby!
Aiming: Paralyse
Press: ? - help, Shift-Dir - straight line, f/p - boulder beetle
Aim: a boulder beetle (almost dead, chance to affect: 31%)
Okay, then.
Aiming: Corrosive Bolt
Press: ? - help, Shift-Dir - straight line, f/p - boulder beetle
Aim: a boulder beetle (almost dead, 100% to hit)
The bolt of acid hits the boulder beetle but does no damage. 😱 HP[+2]
You regained 2 hp, and now have 8/54 hp.
Aiming: Corrosive Bolt
Press: ? - help, Shift-Dir - straight line, f/p - boulder beetle
Aim: a boulder beetle (almost dead, 100% to hit)
The bolt of acid hits the boulder beetle but does no damage.
The boulder beetle bites you!
You die...

Skill      XL: |  1  2  3  4  5  6  7  8  9 10 11 |
---------------+----------------------------------+-----
Spellcasting   | 3 4 5 6 7 8 9 |  9.3
Earth Magic    | 4 5 6 7 8 9 |  9.5
Armour         | 2 3 4 5 |  5.0
Dodging        | 3 4 5 |  5.5
Fighting       | 2 4 |  4.6
Shields        | 1 3 4 |  4.1
Invocations    | 2 3 |  3.2
Stealth        | |  2.4
Transmutations | |  1.0

Action                   |  1- 3 |  4- 6 |  7- 9 | 10-12 || total
-------------------------+-------+-------+-------+-------++-------
Melee: Dagger            |     4 |     5 |       |       ||     9
       Unarmed           |     1 |       |       |       ||     1
       Bite              |       |     1 |     2 |    14 ||    17
       Staff             |       |       |    10 |    36 ||    46
       Punch             |       |       |     1 |       ||     1
       Kick              |       |       |       |    17 ||    17
 Cast: Sandblast         |    50 |    52 |    70 |    99 ||   271
       Stone Arrow       |       |     5 |    85 |    66 ||   156
Invok: Channel Magic     |       |       |     1 |     1 ||     2
Evoke: Wand              |       |       |       |     6 ||     6
  Use: Potion            |       |     1 |     3 |     4 ||     8
       Scroll            |       |       |    11 |     5 ||    16
Armor: Robe              |     5 |     3 |     4 |       ||    12
       Scale mail        |       |       |    12 |       ||    12
       Troll leather arm |       |       |    30 |    31 ||    61
Dodge: Dodged            |    17 |    14 |    71 |    83 ||   185
Block: Kite shield       |       |       |     5 |    62 ||    67

Levels and vault maps discovered:
D:1:      psy_arrival_statuary, layout_loops_ring,
          hellmonk_ecumenical_altar_zigzags, serial_bayou_crossing
D:2:      layout_basic
D:3:      layout_loops_ring, nrook_mini_backslash, uniq_jessica
D:4:      layout_loops_corners
D:5:      layout_loops_corners, vehumet_altar_wand_db
D:6:      nicolae_cairo_tiling_large, layout_loops_ring, st_stairs_6,
          uniq_eustachio
D:7:      minmay_bubble_buster, layout_gridville, minmay_temple_entry_fiery,
          uniq_pikel, uniq_prince_ribbit1
D:8:      layout_basic, enter_bailey_6
D:9:      minmay_quarter_circles, layout_loops_ring

Notes
Turn   | Place    | Note
-------+----------+-------------------------------------------
     0 | D:1      | spaghetti the Vine Stalker Earth Elementalist began the
                  | quest for the Orb.
     0 | D:1      | Reached XP level 1. HP: 9/9 MP: 4/4
     0 | D:1      | magus.rc [v1.9.6]
   236 | D:1      | Reached XP level 2. HP: 8/13 MP: 0/6
   706 | D:1      | Found a faded altar of an unknown god.
   715 | D:1      | Prayed at the altar of an unknown god.
   715 | D:1      | Became a worshipper of Sif Muna the Loreminder
   715 | D:1      | Reached * piety under Sif Muna
  1063 | D:2      | Reached XP level 3. HP: 16/16 MP: 6/8
  1069 | D:2      | Reached skill level 3 in Spellcasting
  1073 | D:2      | Learned a level 3 spell: Stone Arrow
  1978 | D:2      | Reached skill level 4 in Earth Magic
  1978 | D:2      | Gained mutation: Your natural rate of healing is unusually
                  | fast. [Vine Stalker growth]
  1978 | D:2      | Reached XP level 4. HP: 20/21 MP: 5/10
  2270 | D:3      | Noticed Jessica
  2415 | D:3      | Reached XP level 5. HP: 21/24 MP: 3/11
  2469 | D:3      | Reached skill level 4 in Spellcasting
  2483 | D:3      | Killed Jessica
  2506 | D:3      | Reached ** piety under Sif Muna
  2826 | D:3      | Reached skill level 5 in Earth Magic
  2826 | D:3      | Reached XP level 6. HP: 28/28 MP: 10/14
  3328 | D:4      | Reached skill level 5 in Spellcasting
  3730 | D:4      | Reached XP level 7. HP: 32/32 MP: 2/16
  3849 | D:4      | Reached skill level 6 in Earth Magic
  4220 | D:4      | Reached skill level 6 in Spellcasting
  4581 | D:5      | Entered Level 5 of the Dungeon
  4868 | D:5      | Found a radiant altar of Vehumet.
  4946 | D:5      | Gained mutation: You have razor-sharp teeth. [Vine Stalker
                  | growth]
  4946 | D:5      | Reached XP level 8. HP: 36/36 MP: 4/18
  5119 | D:5      | Reached skill level 7 in Earth Magic
  5679 | D:5      | Identified the +0 scale mail of Jeafed {*Corrode Will+
                  | Str+2}
  6015 | D:6      | HP: 8/36 [something/ball of steam (7)]
  6025 | D:6      | Reached skill level 1 in Armour
  6025 | D:6      | Reached skill level 2 in Dodging
  6025 | D:6      | Reached skill level 7 in Spellcasting
  6259 | D:6      | Reached skill level 2 in Armour
  6380 | D:6      | Noticed a troll
  6385 | D:6      | Killed a troll
  6386 | D:6      | Reached skill level 3 in Dodging
  6386 | D:6      | Reached XP level 9. HP: 27/39 MP: 4/21
  6495 | D:6      | Learned a level 2 spell: Passwall
  6500 | D:6      | Learned a level 4 spell: Petrify
  6607 | D:6      | Reached skill level 8 in Earth Magic
  6864 | D:6      | Noticed Eustachio
  6873 | D:6      | Killed Eustachio
  6874 | D:6      | Reached skill level 1 in Fighting
  7061 | D:6      | Identified the +1 pair of gloves of Sosahuock {Rampage
                  | rCorr}
  7197 | D:6      | Reached *** piety under Sif Muna
  7198 | D:6      | Reached skill level 3 in Armour
  7614 | D:7      | Reached skill level 8 in Spellcasting
  7755 | D:7      | Noticed Pikel
  7781 | D:7      | Killed Pikel
  7782 | D:7      | Reached skill level 2 in Fighting
  7782 | D:7      | Reached skill level 4 in Dodging
  7782 | D:7      | Reached skill level 1 in Shields
  8118 | D:7      | Reached XP level 10. HP: 47/47 MP: 18/23
  8390 | D:7      | Noticed Prince Ribbit
  8391 | D:7      | Reached skill level 2 in Shields
  8393 | D:7      | Reached skill level 3 in Fighting
  8404 | D:7      | Killed Prince Ribbit
  8508 | D:7      | Reached skill level 4 in Armour
  8683 | D:7      | Found a staircase to the Ecumenical Temple.
  9050 | D:8      | Found a flagged portal.
  9733 | D:8      | Reached **** piety under Sif Muna
  9734 | D:8      | Reached skill level 1 in Invocations
  9735 | D:8      | Reached skill level 9 in Earth Magic
 10165 | D:9      | Reached skill level 3 in Shields
 10333 | D:9      | Gained mutation: You sometimes lose the ability to read
                  | scrolls when taking damage. [potion of mutation]
 10334 | D:9      | Lost mutation: You sometimes lose the ability to read
                  | scrolls when taking damage. [potion of mutation]
 10334 | D:9      | Gained mutation: You have large cloven feet. [potion of
                  | mutation]
 11154 | D:9      | Noticed a kobold demonologist
 11160 | D:9      | Reached skill level 5 in Dodging
 11162 | D:9      | Noticed a soul eater
 11162 | D:9      | Killed a kobold demonologist
 11163 | D:9      | Reached skill level 9 in Spellcasting
 11163 | D:9      | Reached skill level 2 in Invocations
 11170 | D:9      | Reached skill level 4 in Fighting
 11204 | D:9      | Noticed a manticore
 11214 | D:9      | Killed a manticore
 11215 | D:9      | Reached XP level 11. HP: 49/53 MP: 3/25
 11418 | D:9      | Noticed a two-headed ogre
 11418 | D:9      | Noticed a centaur warrior
 11431 | D:9      | Killed a centaur warrior
 11431 | D:9      | Noticed a manticore
 11438 | D:9      | Killed a two-headed ogre
 11438 | D:9      | Noticed a boulder beetle
 11439 | D:9      | Reached skill level 5 in Armour
 11439 | D:9      | Reached skill level 4 in Shields
 11439 | D:9      | Reached skill level 3 in Invocations
 11442 | D:9      | Killed a manticore
 11486 | D:9      | HP: 3/54 [boulder beetle (17)]
 11488 | D:9      | HP: 1/54 [boulder beetle (5)]
 11493 | D:9      | Slain by a boulder beetle

Vanquished Creatures
  A two-headed ogre (D:9)
  A centaur warrior (D:9)
  Pikel (D:7)
  2 manticores (D:9)
  A kobold demonologist (D:9)
  A troll (D:6)
  Prince Ribbit (D:7)
  3 yaks (D:9)
  Eustachio (D:6)
  2 steam dragons
  A water moccasin (D:7)
  A sky beast (D:7)
  2 orc warriors
  2 ice beasts
  A black bear (D:6)
  3 lemures (D:7)
  3 ogres
  2 centaurs
  A phantom (D:5)
  3 kobold brigands
  7 bullfrogs
  4 necrophages
  2 gnoll sergeants
  2 scorpions
  6 wights
  25 killer bees
  2 howler monkeys
  4 hounds
  2 jellies
  3 gnoll shamans
  8 orc priests
  4 iguanas
  Jessica (D:3)
  9 orc wizards
  9 gnolls
  7 adders
  A shadow imp (D:7)
  2 white imps (D:6)
  An ufetubus (D:6)
  A worm (D:5)
  A dart slug (D:2)
  26 orcs
  7 ball pythons
  3 bats
  5 endoplasms
  A giant cockroach (D:4)
  3 goblins
  8 hobgoblins
  12 kobolds
  6 quokkas
  A frilled lizard (D:1)
  6 rats
212 creatures vanquished.

Vanquished Creatures (collateral kills)
  A hound (D:6)
  2 kobolds (D:6)
3 creatures vanquished.

Vanquished Creatures (others)
  A kobold (D:6)
1 creature vanquished.

Grand Total: 216 creatures vanquished

Table legend:
 A = Non-vault XP
 B = Vault XP
 C = Vault XP percentage of total XP
 D = Non-vault monster count
 E = Vault monster count
 F = Vault count percentage of total count
                 A         B        C        D         E       F
            +---------+---------+-------+---------+---------+-------
      Total |    6179 |    6373 |  50.8 |     180 |      32 |  15.1
            +---------+---------+-------+---------+---------+-------
        D:1 |      30 |       0 |   0.0 |      19 |       0 |   0.0
        D:2 |     101 |       0 |   0.0 |      18 |       0 |   0.0
        D:3 |     236 |      37 |  13.6 |      19 |       1 |   5.0
        D:4 |     675 |       0 |   0.0 |      13 |       0 |   0.0
        D:5 |     403 |       2 |   0.5 |      14 |       1 |   6.7
        D:6 |    1687 |     206 |  10.9 |      32 |       2 |   5.9
        D:7 |    1033 |    1512 |  59.4 |      21 |      10 |  32.3
        D:8 |    1152 |       0 |   0.0 |      21 |       0 |   0.0
        D:9 |     862 |    4616 |  84.3 |      23 |      18 |  43.9
            +---------+---------+-------+---------+---------+-------

Illustrated notes

Table legend:
 A = Kills in this place as a percentage of kills in entire the game.
 B = Kills by you in this place as a percentage of kills by you in the entire game.
 C = Kills by friends in this place as a percentage of kills by friends in the entire game.
 D = Other kills in this place as a percentage of other kills in the entire game.
 E = Experience gained in this place as a percentage of experience gained in the entire game.
 F = Experience gained in this place divided by the number of levels of this place that you have seen.
                   A       B       C       D       E      F
               +-------+-------+-------+-------+-------+----------------------
         Total | 100.0 | 100.0 | 100.0 |   N/A | 100.0 | 1394.7
       Dungeon | 100.0 | 100.0 | 100.0 |   N/A | 100.0 | 1394.7
               +-------+-------+-------+-------+-------+----------------------

Table legend: (Time is in decaauts)
 A = Elapsed time spent in this place.
 B = Non-inter-level travel time spent in this place.
 C = Inter-level travel time spent in this place.
 D = Time resting spent in this place.
 E = Time spent auto-exploring this place.
 F = Levels seen in this place.
 G = Mean time per level.
                   A        B        C        D        E       F      G
               +--------+--------+--------+--------+--------+-----+--------+
         Total |  11514 |  11254 |    260 |   1259 |   8786 |   9 | 1279.3 |
       Dungeon |  11514 |  11254 |    260 |   1259 |   8786 |   9 | 1279.3 |
               +--------+--------+--------+--------+--------+-----+--------+

Top non-repeatable levels by time:
     D:6: 1627 daAuts
     D:7: 1502 daAuts
     D:9: 1463 daAuts
     D:2: 1426 daAuts
     D:5: 1319 daAuts
     D:4: 1256 daAuts
     D:8: 1015 daAuts
     D:1: 963 daAuts
     D:3: 938 daAuts
